 Dungeon Crawl Stone Soup version 0.30-a0-726-gd89dcf765f (webtiles) character file.

Game seed: 9730490394057715880

2 CrazyBamboolord the Trooper (level 1, -3/21 HPs)
             Began as a Naga Fighter on Jan 29, 2023.
             Slain by a gnoll
             ... wielding a +0 halberd
              (14 damage)
             ... on level 2 of the Dungeon.
             The game lasted 00:00:34 (94 turns).

CrazyBamboolord the Trooper (Naga Fighter)            Turns: 94, Time: 00:00:35

Health: -3/21      AC:  3    Str: 18    XL:     1   Next: 30%
Magic:  1/1        EV:  7    Int:  8    God:
Gold:   8          SH:  4    Dex: 10    Spells: 0/0 levels left

rFire   . . .      SeeInvis +    a - +0 war axe
rCold   . . .      Faith    .    c - +0 buckler
rNeg    . . .      Spirit   .    b - +0 scale mail
rPois   +          Reflect  .    (no helmet)
rElec   .          Harm     .    (no cloak)
rCorr   .          Rampage  .    (no gloves)
Will    .....                    (no barding) Stlth
                                 (no amulet)
HPRegen 0.23/turn                (no ring)
MPRegen 0.07/turn                (no ring)

@: very slow
A: AC +0, large, see invisible, deformed body, poison resistance, slowness 2,
spit poison 1, naga tail 1
a: Spit Poison


You were on level 2 of the Dungeon.
You visited 1 branch of the dungeon, and saw 2 of its levels.

You collected 8 gold pieces.

Inventory:

Hand Weapons
 a - a +0 war axe (weapon)
Armour
 b - a +0 scale mail (worn)
 c - a +0 buckler (worn)
Potions
 d - a potion of might
 e - a potion of curing {unknown}


   Skills:
 * Level 3.0 Fighting
 * Level 2.0 Axes
 * Level 2.4 Armour
 * Level 2.7 Shields


You couldn't memorise any spells.
You didn't know any spells.
Your spell library was empty.

Dungeon Overview and Level Annotations

Branches:
Dungeon (1/15)

Altars:

Shops:
D:1 [


Innate Abilities, Weirdness & Mutations

Your serpentine skin is tough. (AC +0)
You have supernaturally acute eyesight. (SInv)
Armour fits poorly on your strangely shaped body.
Your system is resistant to poisons. (rPois)
You cover ground very slowly.
You can spit poison.
You have a snake-like lower body.


Message History

The splash of poison misses the goblin.
You slash the goblin!
You kill the goblin!
No target in view!
No target in view!
You have got your breath back.
Found Tenas's Armour Boutique.
A kobold comes into view. It is wielding a +0 short sword.
You can't see any hostile targets in range.
You can't see any hostile targets in range.
Aiming: Spit Poison (3% risk of failure)
Press: ? - help, Q - select action Shift-Dir - straight line, f - kobold
Aim: a kobold, wielding a +0 short sword and quivering stones (43% to hit)
The splash of poison hits the kobold.
The kobold is poisoned.
The kobold is severely wounded.
The kobold throws a stone.
The stone closely misses you.
You hit the kobold.
You kill the kobold!
No target in view!
You have got your breath back.
Found a whip.
There is an entrance to Tenas's Armour Boutique here.
A sourceless malevolence fills the Dungeon...
You fall into a shaft and drop 1 floor!
The shaft crumbles and collapses.
Found a ring mail.
You see here a +0 ring mail.
Found a stone staircase leading up.
There is a stone staircase leading up here.
You now have 8 gold pieces. 2 gnolls come into view.
The gnoll shouts!
You hear a shout!
A gnoll comes into view. It is wielding a +0 halberd.
You hit the gnoll.
The gnoll is lightly wounded.
You slash the gnoll! The gnoll hits you with a +0 club.
The gnoll hits you with a +0 flail.
The gnoll hits you from afar with a +0 halberd!
Ouch! That really hurt!
You die...

#... ######.. #
.# .#....####.#
$# ..#....... .#
#.#....#####.##
#.#..#........#
##....<........#
##..............#
#..######....@g.#
###.###
#...####g##
#.#.#P# ##### g#
#.#.#P### .#
PPP#.#..P#.. .#
##P#.#P###.. ##
.#.#.#.#...#
##P#.#.#####
...#.#P..#


You could see 3 gnolls.

Vanquished Creatures
  A goblin (D:1)
  A kobold (D:1)
  A rat (D:1)
3 creatures vanquished.

Notes
Turn   | Place    | Note
-------+----------+-------------------------------------------
     0 | D:1      | CrazyBamboolord the Naga Fighter began the quest for the
                  | Orb.
     0 | D:1      | Reached XP level 1. HP: 21/21 MP: 1/1
    45 | D:1      | Found Tenas's Armour Boutique.
    62 | D:1      | You fall into a shaft and drop 1 floor!
    94 | D:2      | Slain by a gnoll

Illustrated notes

Levels and vault maps discovered:
D:1:      dpeg_arrival_tiny_a, layout_basic, ebering_ecumenical_altar_rust,
          serial_shops, shop, minivault_27
D:2:      layout_basic, serial_aquarium, aquarium_bridge_straight
          [aquarium_subvault_bridge, aquarium_subvault_balcony,
          aquarium_subvault_bridge, aquarium_subvault_balcony],
          aquarium_window_1, aquarium_window_fake, aquarium_window_corridor_3,
          aquarium_view_2a, aquarium_view_2d

Action                     || total
---------------------------++-------
  Melee: War axe           ||     7
Ability: Spit Poison       ||     3
  Dodge: Dodged            ||     2
  Block: Buckler           ||     2

Table legend: (Time is in decaauts)
 A = Elapsed time spent in this place.
 B = Non-inter-level travel time spent in this place.
 C = Inter-level travel time spent in this place.
 D = Time resting spent in this place.
 E = Time spent auto-exploring this place.
 F = Levels seen in this place.
 G = Mean time per level.
                   A        B        C        D        E       F      G
               +--------+--------+--------+--------+--------+-----+--------+
         Total |    123 |    123 |      0 |      0 |     94 |   2 |   61.5 |
       Dungeon |    123 |    123 |      0 |      0 |     94 |   2 |   61.5 |
               +--------+--------+--------+--------+--------+-----+--------+

Top non-repeatable levels by time:
     D:1: 79 daAuts
     D:2: 44 daAuts
